 Dungeon Crawl Stone Soup version 0.18.1-6-gd335043 (webtiles) character file.

86 shmeve the Skirmisher (level 4, -1/29 HPs)
             Began as a Kobold Berserker on May 18, 2016.
             Was a Believer of Trog.
             Slain by a worm (6 damage)
             ... on level 3 of the Dungeon.
             The game lasted 00:05:35 (1640 turns).

shmeve the Skirmisher (Kobold Berserker)            Turns: 1640, Time: 00:05:36

Health: -1/29      AC:  2    Str: 16    XL:     4   Next: 77%
Magic:  4/4        EV: 15    Int:  5    God:    Trog [**....]
Gold:   89         SH:  0    Dex: 15    Spells: 0 memorised, 3 levels left

rFire  . . .     SeeInvis .     a - +0 hand axe
rCold  . . .     Gourm    .     b - +0 animal skin
rNeg   . . .     Faith    .     (shield restricted)
rPois  .         Spirit   .     (no helmet)
rElec  .         Dismiss  .     (no cloak)
rCorr  .         Reflect  .     (no gloves)
SustAt .         Harm     .     (no boots)
MR     .....                    (no amulet)
Stlth  ++........               (no ring)
                                (no ring)

@: exhausted, slowed, very slow, not resistant to hostile enchantments,
unstealthy
A: carnivore 3
a: Berserk, Trog's Hand, Burn Spellbooks, Renounce Religion


You were on level 3 of the Dungeon.
You worshipped Trog.
Trog was pleased with you.
You were very full.

You visited 1 branch of the dungeon, and saw 3 of its levels.

You collected 89 gold pieces.

Inventory:

Hand Weapons
 a - a +0 hand axe (weapon)
Missiles
 h - 24 stones (quivered)
Armour
 b - a +0 animal skin (worn)
Scrolls
 e - a scroll of teleportation {unknown}
 f - 3 scrolls of identify {unknown}
 i - a scroll of remove curse {unknown}
 k - a scroll of enchant weapon {unknown}
 m - a scroll of amnesia {unknown}
 o - a scroll of noise {unknown}
Potions
 d - a potion of ambrosia {unknown}
 g - a potion of mutation {unknown}
 j - a potion of heal wounds {unknown}
 l - a potion of lignification {unknown}
 n - a potion of cancellation {unknown}
Comestibles
 c - 3 meat rations


   Skills:
 * Level 4.0 Fighting
 * Level 3.3 Axes
 + Level 1.2 Throwing
 - Level 1.5 Armour
 * Level 3.0 Dodging
 + Level 2.4 Stealth


You had 3 spell levels left.
You didn't know any spells.

Dungeon Overview and Level Annotations

Branches:
Dungeon (3/15)

Altars:
Kikubaaqudgha


Innate Abilities, Weirdness & Mutations

You are small and have problems with some larger weapons.
You are carnivorous and can eat meat at any time.


Message History

You hit the worm but do no damage. You hit the worm.
The worm is severely wounded.
The worm barely misses you. The worm closely misses you. The worm misses you.
Things that are here:
a dagger; a leather armour; an orc corpse Unknown command.
The worm bites you!
Things that are here:
a hand axe; a short sword The worm barely misses you.
Unknown command.
You hit the worm.
The worm is severely wounded.
You hit the worm.
The worm is moderately wounded.
The worm bites you!
* * * LOW HITPOINT WARNING * * *
The worm bites you.
You die...

.......... ...
#..........#
.....#.#.........
.....#.#........#
##.#.............
.....#..........#
....!............
##...#w........
#....@w).......
#.#...........#
+.....†#.......
#<..##.........
#.####.#?#.....
#.# #.#.#..>##
..# #.#.#.#.#
#### #.#.# .# .#


You could see 2 worms.

Vanquished Creatures
  4 adders (D:2)
  A worm (D:2)
  3 orcs (D:3)
  2 giant cockroaches (D:2)
  9 goblins
  4 hobgoblins
  4 kobolds
  2 quokkas
  A ball python (D:2)
  6 bats
  A giant newt (D:2)
  6 rats
43 creatures vanquished.

Notes
Turn   | Place    | Note
--------------------------------------------------------------
     0 | D:1      | shmeve the Kobold Berserker began the quest for the Orb.
     0 | D:1      | Reached XP level 1. HP: 14/14 MP: 1/1
   227 | D:1      | You fall through a shaft!
   234 | D:2      | Reached skill level 1 in Stealth
   234 | D:2      | Reached XP level 2. HP: 15/19 MP: 2/2
   322 | D:2      | Reached XP level 3. HP: 23/23 MP: 3/3
   789 | D:2      | Found an ancient bone altar of Kikubaaqudgha.
   947 | D:2      | Reached skill level 1 in Throwing
   947 | D:2      | Reached XP level 4. HP: 18/29 MP: 4/4
   956 | D:2      | Reached ** piety under Trog
  1632 | D:3      | Reached skill level 4 in Fighting
  1640 | D:3      | Slain by a worm

Skill      XL: |  1  2  3  4 |
---------------+-------------+-----
Stealth        | 1 2 |  2.4
Axes           | 3 |  3.3
Throwing       | 1 |  1.2
Dodging        | 3 |  3.0
Fighting       | 4 |  4.0
Armour         | |  1.5

Action                   |  1- 3 |  4- 6 || total
-------------------------+-------+-------++-------
Melee: Hand axe          |    81 |    55 ||   136
Throw: Stone             |    39 |       ||    39
Invok: Berserk           |     1 |     1 ||     2
       Trog's Hand       |       |     1 ||     1
 Stab: Sleeping          |     1 |     4 ||     5
  Eat: Chunk             |    10 |     2 ||    12
Armor: Animal skin       |    22 |     8 ||    30
Dodge: Dodged            |    87 |    45 ||   132
